 Dungeon Crawl Stone Soup version 0.19-a0-628-g9200b3b (webtiles) character file.

149898 hypermopl the Warrior (level 16, -6/136 HPs)
             Began as a Mummy Gladiator on June 12, 2016.
             Was an Initiate of Gozag.
             Mangled by a salamander
             ... wielding a +0 glaive
              (9 damage)
             ... on level 3 of the Snake Pit on June 13, 2016.
             The game lasted 01:50:54 (37797 turns).

hypermopl the Warrior (Mummy Gladiator)            Turns: 37797, Time: 01:50:54

Health: -6/136     AC: 38    Str: 21    XL:     16   Next: 97%
Magic:  14/21      EV: 11    Int:  8    God:    Gozag
Gold:   3262       SH:  0    Dex: 24    Spells: 0 memorised, 15 levels left

rFire  . . .     SeeInvis +     a - +2 lajatang (protect)
rCold  . . .     Gourm    .     n - +7 plate armour of Refuge {SInv}
rNeg   + + +     Faith    .     (shield currently unavailable)
rPois  ∞         Spirit   .     o - +2 helmet
rElec  .         Dismiss  .     l - +0 cloak
rCorr  .         Reflect  .     m - +2 pair of gloves {Dex+3}
SustAt .         Harm     .     N - +0 pair of boots
MR     ++...                    J - amulet of regeneration
Stlth  ..........               W - ring "Nerph" {*Contam +Inv Str+2 Dex+3}
                                p - ring of fire

@: gold aura, slowed, constricted, very slow, very resistant to hostile
enchantments, extremely unstealthy
A: no food or potions, fire vulnerability, cold resistance 1, negative energy
resistance 3, torment resistance, unbreathing, in touch with death 1, restore
body
a: Self-Restoration, Potion Petition, Call Merchant, Bribe Branch, Renounce
Religion, Evoke Invisibility


You were on level 3 of the Snake Pit.
You worshipped Gozag.
Gozag was noncommittal.
You were not hungry.

You visited 5 branches of the dungeon, and saw 27 of its levels.
You visited the Abyss 1 time.
You also visited: Labyrinth and Volcano.

You collected 10356 gold pieces.
You spent 2217 gold pieces at shops.
You paid 4877 gold pieces to Gozag.

Inventory:

Hand Weapons
 a - a +2 lajatang of protection (weapon)
 b - the +5 dagger of Ruination {venom, rF+ Str-4 Int+5 SInv}
   (You found it on level 4 of the Dungeon)

   It poisons the flesh of those it strikes.
   It affects your strength (-4).
   It affects your intelligence (+5).
   It protects you from fire.
   It lets you see invisible.
 i - a +2 demon blade of flaming
 B - the +5 demon whip "Spellbinder" {antimagic, MR+}
   (You found it on level 14 of the Dungeon)

   It reduces the magical energy of the wielder, and disrupts the spells and
   magical abilities of those hit.
   Natural abilities and divine invocations are not affected.
   It affects your resistance to hostile enchantments.
 C - a +0 blowgun
 M - a +2 glaive of flaming
 U - a +0 quarterstaff of crushing
Missiles
 g - 2 tomahawks of dispersal
 t - 49 tomahawks
 z - 5 tomahawks of returning
 D - 12 curare-tipped needles
 H - 40 poisoned needles
 R - 15 javelins (quivered)
 V - 7 poisoned tomahawks
Armour
 j - a +1 plate armour of fire resistance
 k - a +0 plate armour of cold resistance
 l - a +0 cloak (worn)
 m - a +2 pair of gloves of dexterity (worn)
 n - the +7 plate armour of Refuge (worn) {SInv}
   (You bought it in a shop on level 11 of the Dungeon)

   It lets you see invisible.
 o - a +2 helmet (worn)
 x - a +1 helmet of intelligence
 N - a +0 pair of boots (worn)
 S - a +4 ring mail of magic resistance
Magical Staves
 F - an uncursed staff of earth
 Y - an uncursed staff of fire
Jewellery
 p - a ring of fire (left hand)
 r - a +3 ring of protection
 G - an uncursed ring of protection from cold
 J - an amulet of regeneration (around neck)
 W - the ring "Nerph" (right hand) {*Contam +Inv Str+2 Dex+3}
   (You found it on level 3 of the Lair of Beasts)

   [ring of strength]

   It affects your strength (+2).
   It affects your dexterity (+3).
   It lets you turn invisible.
   It causes magical contamination when unequipped.
Wands
 d - a wand of enslavement (12/24)
 q - a wand of digging (5/24)
 w - a wand of teleportation (6/9)
 y - a wand of acid (8/15)
 K - a wand of hasting (6/9)
 O - a wand of digging (18/24)
 Q - a wand of iceblast (8/15)
 T - a wand of slowing (10/48)
Scrolls
 c - a scroll of enchant armour
 e - 2 scrolls of noise
 f - 6 scrolls of remove curse
 h - 4 scrolls of teleportation
 s - 2 scrolls of blinking
 u - 6 scrolls of immolation {!r}
 v - 4 scrolls of identify
 A - 5 scrolls of fog
 E - 4 scrolls of magic mapping
 P - 2 scrolls of recharging
Miscellaneous
 I - a sack of spiders
 L - a phial of floods
 X - a fan of gales


   Skills:
 + Level 15.5 Fighting
 - Level 14.0 Staves
 - Level 1.5 Throwing
 * Level 13.3 Armour
 + Level 9.9 Dodging
 + Level 7.2 Evocations


You had 15 spell levels left.
You didn't know any spells.

Dungeon Overview and Level Annotations

Branches:
Dungeon (15/15)            Temple (1/1) D:7            Lair (6/6) D:11
 Shoals (0/4) Lair:2        Snake (3/4) Lair:2        Slime (0/5) Lair:5
    Orc (2/2) D:9             Elf (0/3) Orc:2        Vaults (0/5) D:13
 Depths (0/5) D:15

Altars:
Ashenzari
Cheibriados
Dithmenos
Elyvilon
Fedhas
Gozag
Hepliaklqana
Kikubaaqudgha
Makhleb
Nemelex Xobeh
Okawaru
Pakellas
Qazlal
Ru
Sif Muna
Trog
Uskayaw
Vehumet
Xom
Yredelemnul
Zin
The Shining One
Beogh

Shops:
D:11 ?[(   Orc:1 %   Orc:2 (%!(

Annotations:
Lair:2 exclusion: 4 oklob plants
Lair:4 bb, Rupert
Lair:5 acid blob
Abyss:1 Louise


Innate Abilities, Weirdness & Mutations

You do not eat or drink.
Your flesh is vulnerable to fire.
You are immune to poison.
Your flesh is cold resistant. (rC+)
You are immune to negative energy. (rN+++)
You are immune to unholy pain and torment.
You can survive without breathing.
You are in touch with the powers of death.
You can restore your body by infusing magical energy.


Message History

You are engulfed in flames!
* * * LOW HITPOINT WARNING * * *
The naga is distracted by the nearby gold.
The guardian serpent hits you but does no damage.
The naga barely misses you. x2
The naga shouts!
Unknown command.
The salamander misses you. x2
There is a stone staircase leading up here.
Unknown command.
The guardian serpent hits you!
* * * LOW HITPOINT WARNING * * *
The guardian serpent casts a spell.
The naga blinks!
The salamander blinks!
The naga blinks!
The naga closely misses you. The naga grabs you.
You stop ascending the stairs.
The naga constricts you. The salamander hits you with a glaive!
* * * LOW HITPOINT WARNING * * *
You are engulfed in flames!
You die...
Your body crumbles into a pile of gold.

##### ##.⌠.##
#.N...# #⌠N@N⌠#
#:.S.§# ##.§§##
###$### ##.....##
##...⌠.N%##
##.....(...##
##(.⌠..>..⌠..##
##..........(..##


You could see a salamander, a guardian serpent and 2 nagas.

Vanquished Creatures
  Jorgrun (Snake:2)
  Agnes (Snake:1)
  Gastronok (Lair:1)
  A tengu reaver (D:14)
  Donald (Orc:2)
  A frost giant (D:14)
  The ghost of tstbtto the Severer, a journeyman CeBe of Trog (D:14)
  The ghost of tstbtto the Severer, a journeyman CeBe of Trog (D:14)
  The ghost of removeelyvilon the Summoner, a journeyman DsSu of Ashenzari (Lair:6)
  An ettin (D:14)
  Josephine (D:13)
  6 hydras
  8 vault guards
  Fannar (Lair:1)
  Erolcha (D:10)
  3 naga warriors
  6 centaur warriors
  8 anacondas
  5 death yaks
  5 orc high priests (Orc:2)
  Urug (Lair:2)
  2 tengu warriors
  2 shock serpents
  A thrashing horror (Abyss:2)
  10 naga sharpshooters
  A wretched star (Abyss:2)
  8 skeletal warriors
  5 unseen horrors
  An orange crystal statue (D:11)
  9 hill giants
  A naga ritualist (Snake:2)
  A deep elf archer (D:14)
  4 griffons
  5 mana vipers
  8 orc knights
  A necromancer (D:15)
  3 salamanders
  3 orc sorcerers
  A wolf spider (shapeshifter) (Lair:4)
  3 deep elf magi
  4 cyclopes
  A worldbinder (Abyss:1)
  A manticore (shapeshifter) (D:15)
  2 manticores
  6 ugly things
  A hornet (D:14)
  An eye of devastation (Lair:5)
  2 molten gargoyles (Volcano)
  16 black mambas
  7 naga magi
  26 spiny frogs
  An orange demon (Abyss:2)
  A gargoyle (D:15)
  A kobold demonologist (D:11)
  A torpor snail (Lair:6)
  A freezing wraith (Abyss:2)
  11 komodo dragons
  3 rime drakes
  A tengu conjurer (D:14)
  5 trolls
  2 giant leeches
  2 wolf spider simulacra (D:15)
  A troll (shapeshifter) (D:9)
  A queen bee (Lair:2)
  2 two-headed ogres
  19 blink frogs
  Grinder (D:4)
  4 slime creatures (D:14)
  A snapping turtle (Lair:2)
  2 water elementals (D:12)
  A ynoxinul (Abyss:1)
  5 wyverns
  21 yaks
  7 spriggans (D:9)
  2 shadows
  5 fire bats (Volcano)
  2 vampires
  6 wraiths
  13 hippogriffs
  3 basilisks
  14 nagas
  7 mottled dragons
  4 hungry ghosts
  7 vampire mosquitoes
  3 wargs
  12 water moccasins
  2 small abominations (Abyss:2)
  4 soldier ants
  2 black bears
  4 porcupines
  10 ice beasts
  4 sky beasts
  3 eyes of draining
  2 wasps (D:10)
  34 orc warriors
  11 ogres
  3 phantoms
  A boggart (D:14)
  23 wolves
  5 centaurs
  15 crocodiles
  5 big kobolds
  A gnoll sergeant (D:5)
  41 giant frogs
  7 scorpions
  35 killer bees
  9 electric eels
  12 howler monkeys
  9 wights
  9 centaur zombies
  A crimson imp (D:10)
  2 giant frog zombies
  7 jellies
  A giant frog skeleton (D:11)
  5 centaur skeletons
  Crazy Yiuf (D:2)
  35 orc priests
  A gnoll shaman (D:6)
  6 hounds
  Jessica (D:2)
  14 iguanas
  Natasha (thrice) (D:2)
  27 orc wizards
  15 worker ants
  6 hell rats (Lair:5)
  5 sheep (Lair:6)
  A hound skeleton (D:7)
  14 gnolls
  A howler monkey skeleton (D:11)
  11 adders
  65 river rats
  5 shadow imps
  An ooze (D:1)
  An adder skeleton (D:5)
  An adder zombie (D:9)
  3 worms
  2 dart slugs
  5 giant geckos
  92 orcs
  3 ball pythons
  6 bats
  3 giant cockroaches
  6 goblins
  8 hobgoblins
  8 jackals
  4 quokkas
  3 giant newts
  A jackal zombie (D:6)
  29 kobolds
  6 rats
  A fungus (Lair:6)
  4 plants (D:7)
1028 creatures vanquished.

Vanquished Creatures (collateral kills)
  A minotaur (Lab)
  A centaur (D:14)
2 creatures vanquished.

Vanquished Creatures (others)
  An unseen horror (D:14)
  A centaur skeleton (D:15)
  A tengu conjurer (D:14)
  A golden eye (Abyss:1)
  An orc warrior (D:15)
  A small abomination (Abyss:1)
  A butterfly (Lair:5)
  2 fire vortices (D:14)
  13 fungi
  48 plants
  5 starspawn tentacles
  69 starspawn tentacle segments
144 creatures vanquished.

Grand Total: 1174 creatures vanquished

Notes
Turn   | Place    | Note
--------------------------------------------------------------
     0 | D:1      | hypermopl the Mummy Gladiator began the quest for the Orb.
     0 | D:1      | Reached XP level 1. HP: 16/16 MP: 1/1
   109 | D:1      | Reached XP level 2. HP: 22/22 MP: 0/2
   259 | D:1      | Reached skill level 3 in Staves
   498 | D:1      | Reached XP level 3. HP: 28/28 MP: 3/3
   680 | D:2      | Noticed Jessica
   680 | D:2      | Noticed Natasha
   775 | D:2      | Noticed Crazy Yiuf
   782 | D:2      | Killed Crazy Yiuf
   842 | D:2      | Reached XP level 4. HP: 34/34 MP: 4/4
   904 | D:2      | Found a burning altar of Makhleb.
   906 | D:2      | Noticed a blizzard demon
   908 | D:2      | Found a glowing silver altar of Zin.
   909 | D:2      | Noticed an angel
   928 | D:2      | Found a radiant altar of Vehumet.
   939 | D:2      | Found an oddly glowing altar of Pakellas.
  1169 | D:2      | Reached skill level 3 in Fighting
  1172 | D:2      | Killed Jessica
  1172 | D:2      | Reached skill level 4 in Staves
  1483 | D:2      | Reached XP level 5. HP: 40/41 MP: 5/5
  1505 | D:2      | Killed Natasha
  1553 | D:2      | Noticed Natasha
  1556 | D:2      | Killed Natasha
  1646 | D:2      | Noticed Natasha
  1660 | D:2      | Killed Natasha
  2382 | D:4      | Got a smoking dagger
  2383 | D:4      | Identified the +5 dagger of Ruination {venom, rF+ Str-4 Int+5 SInv} (You found it on level 4 of the Dungeon)
  2411 | D:4      | Noticed a phantom
  2423 | D:4      | Killed a phantom
  2423 | D:4      | Reached skill level 4 in Fighting
  2423 | D:4      | Reached skill level 5 in Staves
  2423 | D:4      | Reached XP level 6. HP: 43/48 MP: 4/6
  2695 | D:4      | Noticed Grinder
  2695 | D:4      | Paralysed by Grinder for 3 turns
  2730 | D:4      | Killed Grinder
  2730 | D:4      | Reached XP level 7. HP: 55/55 MP: 7/7
  3013 | D:4      | Reached skill level 6 in Staves
  3070 | D:4      | Reached skill level 5 in Fighting
  3223 | D:5      | Entered Level 5 of the Dungeon
  3467 | D:5      | Found a blossoming altar of Fedhas.
  3477 | D:5      | Reached XP level 8. HP: 50/63 MP: 5/8
  3490 | D:5      | Reached skill level 7 in Staves
  3864 | D:6      | Reached skill level 6 in Fighting
  4152 | D:6      | Found a shadowy altar of Dithmenos.
  4236 | D:6      | Found a shimmering altar of Xom.
  4239 | D:6      | Found a sparkling altar of Nemelex Xobeh.
  4242 | D:6      | Found a stormy altar of Qazlal.
  4248 | D:6      | Found a shattered altar of Ashenzari.
  4522 | D:6      | Reached skill level 8 in Staves
  4774 | D:7      | Found a staircase to the Ecumenical Temple.
  4784 | Temple   | Entered the Ecumenical Temple
  4812 | Temple   | Became a worshipper of Gozag Ym Sagoz the Greedy
  4983 | D:7      | Reached XP level 9. HP: 68/71 MP: 9/9
  4991 | D:7      | Reached skill level 7 in Fighting
  5731 | D:7      | Reached skill level 9 in Staves
  6162 | D:8      | Got an encrusted leather armour
  6199 | D:7      | Reached skill level 8 in Fighting
  6577 | D:8      | Found an ancient bone altar of Kikubaaqudgha.
  6632 | D:8      | Reached skill level 10 in Staves
  6915 | D:9      | Reached XP level 10. HP: 71/82 MP: 8/10
  7175 | D:9      | Reached skill level 9 in Fighting
  7407 | D:9      | Reached skill level 11 in Staves
  7539 | D:9      | Found a staircase to the Orcish Mines.
  7577 | D:9      | Identified the cursed +1 leather armour of Foomixt {+Blink rF- Int+3 Dex+2} (You found it on level 8 of the Dungeon)
  7692 | D:9      | Noticed a deep elf mage
  7705 | D:9      | Killed a deep elf mage
  7892 | D:10     | Entered Level 10 of the Dungeon
  7999 | D:10     | Noticed a hill giant
  8051 | D:10     | Killed a hill giant
  8152 | D:10     | Noticed an unseen horror
  8174 | D:10     | Killed an unseen horror
  8174 | D:10     | Reached skill level 10 in Fighting
  8174 | D:10     | Reached XP level 11. HP: 54/90 MP: 11/11
  8281 | D:10     | Noticed Erolcha
  8294 | D:10     | Cast into level 1 of the Abyss (Erolcha)
  8402 | Abyss:1  | Noticed a death knight
  9041 | Abyss:1  | Noticed a starcursed mass
  9063 | Abyss:1  | Noticed a starcursed mass
  9108 | Abyss:1  | Noticed a tentacled starspawn
  9283 | Abyss:1  | Noticed a bone dragon
  9359 | Abyss:2  | Reached skill level 12 in Staves
  9458 | Abyss:2  | Noticed a starcursed mass
  9809 | Abyss:2  | Noticed a lich
  9864 | Abyss:2  | Noticed a thrashing horror
  9884 | Abyss:2  | Killed a thrashing horror
  9893 | Abyss:2  | Noticed a wretched star
  9900 | Abyss:2  | Noticed a tentacled starspawn
  9906 | Abyss:2  | Killed a wretched star
  9912 | D:10     | Escaped the Abyss
  9918 | D:10     | Killed Erolcha
 10446 | D:11     | Noticed an unseen horror
 10461 | D:11     | Killed an unseen horror
 10585 | D:11     | Reached skill level 11 in Fighting
 10802 | D:11     | Noticed an orange crystal statue
 10931 | D:11     | Found Wownauh's Antique Weapon Shop.
 10957 | D:11     | Reached skill level 13 in Staves
 11172 | D:11     | Noticed a green ugly thing
 11183 | D:11     | Killed a green ugly thing
 11714 | D:11     | Killed an orange crystal statue
 11735 | D:11     | Noticed a hill giant
 11759 | D:11     | Killed a hill giant
 11759 | D:11     | Reached XP level 12. HP: 53/100 MP: 12/12
 11893 | D:11     | Found a staircase to the Lair.
 12041 | Lair:1   | Entered Level 1 of the Lair of Beasts
 12044 | Lair:1   | Noticed Gastronok
 12743 | Lair:1   | Noticed Fannar
 12761 | Lair:1   | Killed Fannar
 13231 | Lair:1   | Killed Gastronok
 13231 | Lair:1   | Reached skill level 12 in Fighting
 13231 | Lair:1   | Reached skill level 14 in Staves
 13438 | Lair:1   | Reached skill level 1 in Armour
 13865 | Lair:2   | Reached skill level 3 in Dodging
 13952 | Lair:2   | Reached skill level 2 in Armour
 14203 | Lair:2   | Found a staircase to the Snake Pit.
 14322 | Lair:2   | Reached skill level 3 in Armour
 14521 | Lair:2   | Reached skill level 4 in Armour
 14619 | Lair:2   | Reached skill level 4 in Dodging
 14841 | Lair:2   | Gained mutation: You are in touch with the powers of death. [Mummy growth]
 14841 | Lair:2   | Gained mutation: You can restore your body by infusing magical energy. [Mummy growth]
 14841 | Lair:2   | Reached XP level 13. HP: 90/109 MP: 13/13
 15073 | Lair:2   | Reached skill level 5 in Armour
 15272 | Lair:2   | Noticed Urug
 15304 | Lair:2   | Killed Urug
 15532 | Lair:2   | Found a staircase to the Shoals.
 16056 | Lair:3   | Got a bound jade ring
 16057 | Lair:3   | Identified the ring "Nerph" {*Contam +Inv Str+2 Dex+3} (You found it on level 3 of the Lair of Beasts)
 16080 | Lair:3   | Got a shimmering great sword
 16081 | Lair:3   | Identified the +4 great sword "Dragon's Tongue" {venom, rC+} (You found it on level 3 of the Lair of Beasts)
 16607 | Lair:4   | Got a crude robe
 16608 | Lair:4   | Identified the +1 robe "Unauf" {Str+4} (You found it on level 4 of the Lair of Beasts)
 16833 | Lair:4   | Noticed Rupert
 16856 | Lair:4   | Reached skill level 6 in Armour
 16967 | Lair:5   | Reached skill level 1 in Evocations
 16974 | Lair:5   | Reached skill level 5 in Dodging
 17133 | Lair:5   | Found a dark tunnel.
 17167 | Volcano  | Entered a volcano
 17594 | Volcano  | Found a radiant altar of Vehumet.
 17644 | Volcano  | Upgraded the game from 0.19-a0-607-g42021f0 to 0.19-a0-628-g9200b3b
 18024 | Lair:5   | Reached skill level 13 in Fighting
 18207 | Lair:4   | Reached skill level 7 in Armour
 18207 | Lair:4   | Reached skill level 2 in Evocations
 18509 | Lair:5   | Found a staircase to the Slime Pits.
 18936 | Lair:4   | Noticed a storm dragon
 18936 | Lair:4   | a death yak changed into a storm dragon
 19496 | Lair:6   | Entered Level 6 of the Lair of Beasts
 19691 | Lair:6   | Reached skill level 3 in Evocations
 19991 | Lair:6   | Noticed removeelyvilon's ghost (journeyman DsSu)
 20126 | Lair:6   | Killed removeelyvilon's ghost
 20126 | Lair:6   | Reached skill level 6 in Dodging
 20126 | Lair:6   | Reached XP level 14. HP: 114/118 MP: 16/16
 20169 | Lair:6   | Reached skill level 8 in Armour
 21365 | Lair:6   | Reached skill level 4 in Evocations
 21958 | Lair:5   | Noticed an acid blob
 22292 | Lair:6   | Reached skill level 9 in Armour
 22783 | Lair:6   | Got a twisted morningstar
 23391 | Orc:1    | Entered Level 1 of the Orcish Mines
 23570 | Orc:2    | Entered Level 2 of the Orcish Mines
 23887 | Orc:1    | Found a roughly hewn altar of Beogh.
 23905 | Orc:1    | Found Beedomugue's Food Emporium.
 24387 | Orc:2    | Noticed Donald
 24410 | Orc:2    | Killed Donald
 24410 | Orc:2    | Reached skill level 7 in Dodging
 24462 | Orc:2    | Reached skill level 5 in Evocations
 24750 | Orc:2    | Found a staircase to the Elven Halls.
 26622 | Orc:2    | Reached skill level 14 in Fighting
 27117 | Orc:2    | Reached XP level 15. HP: 113/126 MP: 19/19
 27183 | Orc:2    | Reached skill level 10 in Armour
 27271 | Orc:2    | Found Doggoal's Weapon Shoppe.
 27271 | Orc:2    | Found Pomuor's Antique Weapon Shoppe.
 27272 | Orc:2    | Found Zoceedef's Distillery.
 27272 | Orc:2    | Found Nyaciurr's Food Emporium.
 27287 | Orc:2    | Bought a +0 lajatang for 195 gold pieces
 28468 | D:12     | Found a roughly hewn altar of Beogh.
 29053 | D:13     | Noticed Josephine
 29084 | D:13     | Killed Josephine
 29379 | D:13     | Reached skill level 6 in Evocations
 29463 | D:13     | Found a gate to the Vaults.
 29545 | D:12     | Reached skill level 8 in Dodging
 30474 | D:14     | Found an iron altar of Okawaru.
 30593 | D:14     | Reached skill level 11 in Armour
 30692 | D:14     | Noticed a frost giant
 30734 | D:14     | Killed a frost giant
 30967 | D:14     | Noticed tstbtto's ghost (journeyman CeBe)
 30991 | D:14     | Killed tstbtto's ghost
 31365 | D:14     | Noticed a tengu reaver
 31381 | D:14     | Killed a tengu reaver
 31471 | D:14     | Noticed tstbtto's ghost (journeyman CeBe)
 32353 | D:14     | Reached XP level 16. HP: 96/134 MP: 20/20
 32758 | D:14     | Killed tstbtto's ghost
 32758 | D:14     | Reached skill level 9 in Dodging
 32915 | D:15     | Entered Level 15 of the Dungeon
 32936 | D:15     | Reached skill level 12 in Armour
 33010 | D:15     | Reached skill level 15 in Fighting
 33048 | D:15     | Found a labyrinth entrance.
 33056 | Lab      | Entered a labyrinth
 33961 | D:15     | Found a staircase to the Depths.
 34414 | Snake:1  | Entered Level 1 of the Snake Pit
 34798 | D:11     | Bought a scroll of blinking for 127 gold pieces
 34798 | D:11     | Bought a scroll of teleportation for 51 gold pieces
 34798 | D:11     | Bought a scroll of fog for 34 gold pieces
 34798 | D:11     | Bought a scroll of fog for 34 gold pieces
 34800 | D:11     | Bought a pair of runed gloves for 216 gold pieces
 34800 | D:11     | Bought a brightly glowing plate armour for 1344 gold pieces
 34800 | D:11     | Bought a shiny helmet for 216 gold pieces
 34812 | D:11     | Identified the +7 plate armour of Refuge {SInv} (You bought it in a shop on level 11 of the Dungeon)
 35365 | Snake:1  | Noticed Agnes
 35380 | Snake:1  | Killed Agnes
 36079 | Snake:1  | Noticed Louise
 36103 | Snake:1  | Banished Louise
 36486 | Snake:2  | Reached skill level 13 in Armour
 36562 | Snake:2  | Noticed Jorgrun
 36588 | Snake:2  | Killed Jorgrun
 36588 | Snake:2  | Reached skill level 7 in Evocations
 37797 | Snake:3  | HP: 3/136 [salamander/glaive (10)]
 37797 | Snake:3  | Mangled by a salamander

Vault maps used:
D:1:      minmay_arrival_solitary_statue, minmay_misc_feat_tower,
          minmay_misc_feat_room
D:2:      grunt_temple_overflow_order_and_chaos_2, lemuel_crystal_altar,
          grunt_pakellas_salt, uniq_jessica, uniq_natasha,
          uniq_crazy_yiuf_cottage
D:3:      first_bread
D:4:      uniq_grinder
D:5:      fedhas_altar_1
D:6:      nicolae_dithmenos_shadow_blocks, grunt_temple_overflow_cloverleaf,
          amethyst_killhole, minmay_misc_feat_plants
D:7:      kennysheep_kobold_camp, minmay_temple_entry_mist
D:8:      minmay_flawed_box, basic_altar
D:9:      forest_paths, orc_0_dummy
D:10:     hangedman_pestilent_swarm, hangedman_abyss_or_decor_passed,
          uniq_erolcha
D:11:     minmay_statue_hallways, serial_shops, shop
D:12:     special_room
D:13:     erik_vaults_2, lemuel_flame_loot_1, uniq_josephine
D:14:     evilmike_diamond_1, lemuel_tele_altar
D:15:     grunt_enter_depths_magical_seal, lab_entry_generic
Temple:   circular_temple_12
Lair:1:   beast_lair_carwin_2, uniq_fannar, uniq_gastronok
Lair:2:   hangedman_what_comes_after_a, minmay_shoals_entry_hut,
          minmay_snake_entry_guardpost_small, serial_bayou_shore_a, uniq_urug
Lair:4:   uniq_rupert
Lair:5:   minmay_slime_entry_eyes, enter_volcano_2, grunt_megastairs_4,
          lemuel_fruit_fields
Lair:6:   minmay_lair_end_frog_pond, serial_bayou_lagoon_b
Snake:1:  nicolae_snake_single_loop, uniq_agnes, uniq_louise
Snake:2:  nicolae_snake_serpentine_hallways, uniq_jorgrun
Snake:3:  serial_shops, shop, grunt_megastairs_3
Orc:1:    serial_shops, shop_fountains, statue_in_the_mist_lemuel,
          david_defended_altar_orc
Orc:2:    st_orc_pillars, uniq_donald
Abyss:2:  evilmike_abyss_exit_11
Lab:      labyrinth_watery, nicolae_lab_flowing_pool, nicolae_lab_checkerboard,
          labyrinth_skeletal_remains, labyrinth_glass_1
Volcano:  volcano_lake

Skill      XL: |  1  2  3  4  5  6  7  8  9 10 11 12 13 14 15 16 |
---------------+-------------------------------------------------+-----
Staves         | 3 4 5 6 8 10 11 13 14 | 14.0
Fighting       | 3 4 5 6 8 10 11 12 13 14 15 | 15.5
Armour         | 4 7 9 11 13 | 13.3
Dodging        | 4 6 7 8 9 |  9.9
Evocations     | 3 5 6 7 |  7.2
Throwing       | |  1.5

Action                   |  1- 3 |  4- 6 |  7- 9 | 10-12 | 13-15 | 16-18 || total
-------------------------+-------+-------+-------+-------+-------+-------++-------
Melee: Quarterstaff      |    66 |   128 |   460 |  1023 |  1713 |       ||  3390
       Dagger            |       |       |    83 |    68 |    82 |    19 ||   252
       Staff             |       |       |       |       |    72 |       ||    72
       Demon blade       |       |       |       |       |    44 |     6 ||    50
       Lajatang          |       |       |       |       |   791 |   633 ||  1424
       Demon whip        |       |       |       |       |    32 |    30 ||    62
Throw: Throwing net      |     1 |     3 |     2 |     8 |       |       ||    14
       Tomahawk          |       |       |       |     3 |       |       ||     3
       Javelin           |       |       |       |       |     3 |       ||     3
Invok: Potion Petition   |       |       |       |     5 |     2 |     1 ||     8
       Call Merchant     |       |       |       |       |       |     2 ||     2
 Abil: Evoke Invisibilit |       |       |       |       |    24 |     2 ||    26
       Turn Visible      |       |       |       |       |     1 |       ||     1
Evoke: Wand              |       |       |     5 |    17 |    18 |       ||    40
       Phial of floods   |       |       |       |       |       |     1 ||     1
  Use: Scroll            |       |     7 |     5 |    16 |    18 |     6 ||    52
 Stab: Sleeping          |     1 |       |       |       |     1 |       ||     2
       Petrifying        |       |       |     1 |     3 |     5 |       ||     9
       Petrified         |       |       |     1 |       |       |       ||     1
       Paralysed         |       |       |     2 |     6 |     8 |       ||    16
       Distracted        |       |       |       |     6 |    10 |     5 ||    21
       Confused          |       |       |       |     2 |     4 |       ||     6
       Held in net/web   |       |       |       |     6 |       |       ||     6
       Invisible         |       |       |       |       |    91 |     8 ||    99
Armor: Leather armour    |    20 |     5 |       |       |    46 |       ||    71
       Ring mail         |       |    19 |       |       |   244 |       ||   263
       Chain mail        |       |    21 |   173 |       |       |       ||   194
       Plate armour      |       |       |   130 |   645 |   544 |   421 ||  1740
Dodge: Dodged            |    54 |    59 |   148 |   259 |  1196 |   348 ||  2064
